 Dungeon Crawl Stone Soup version 0.31-a0-473-g61b50ae490 (console) character file.

Game seed: 15285499898222999582

16123 jejorda2 the Cleaver (level 12, -2/97 HPs)
             Began as a Gnoll Berserker on Aug 6, 2023.
             Was an Elder of Trog.
             Shot with a bolt by a deep elf archer (3 damage)
             ... in a volcano.
             The game lasted 00:29:38 (10131 turns).

jejorda2 the Cleaver (Gnoll Berserker)             Turns: 10131, Time: 00:29:39

Health: -2/97      AC: 17    Str: 22    XL:     12   Next: 34%
Magic:  23/23      EV: 11    Int:  7    God:    Trog [****..]
Gold:   159        SH:  0    Dex: 11    Spells: 25/25 levels left

rFire   + . .        a - +1 war axe
rCold   . . .        (no shield)
rNeg    . . .        g - +0 chain mail
rPois   .            n - +0 helmet
rElec   .            E - +0 cloak {rCorr}
rCorr   +            p - +0 pair of gloves
SInv    .            F - +1 pair of boots {rampage}
Will    .....        (no amulet)
Stlth   +            C - ring of protection from fire
HPRegen 0.36/turn    (no ring)
MPRegen 0.18/turn

%: rampage
@: on berserk cooldown, slowed, very slow
A: fangs 1, strong nose, distributed training
a: Renounce Religion, Berserk, Trog's Hand, Brothers in Arms


You were in a volcano.
You worshipped Trog.
Trog was greatly pleased with you.
You visited 2 branches of the dungeon, and saw 12 of its levels.
You also visited: Volcano.

You collected 623 gold pieces.
You spent 464 gold pieces at shops.

Inventory:

Hand Weapons
 a - a +1 war axe (weapon)
 b - a +0 dire flail
 B - a +4 morningstar
Missiles
 s - 65 poisoned darts (quivered)
 x - 3 boomerangs
 D - 6 curare-tipped darts
Armour
 g - a +0 chain mail (worn)
 n - a +0 helmet (worn)
 p - a +0 pair of gloves (worn)
 E - a +0 cloak of preservation (worn)
 F - a +1 pair of boots of rampaging (worn)
Jewellery
 c - a ring of ice
 C - a ring of protection from fire (left hand)
Wands
 q - a wand of iceblast (8)
 v - a wand of charming (30)
 w - a wand of polymorph (12)
 y - a wand of flame (15)
Scrolls
 h - 3 scrolls of identify
 i - 5 scrolls of teleportation
 o - a scroll of enchant weapon
 A - 3 scrolls of blinking
Potions
 d - a potion of ambrosia
 e - a potion of cancellation
 f - 2 potions of haste
 j - 2 potions of curing
 k - a potion of lignification
 l - a potion of heal wounds
 m - 2 potions of mutation
 u - a potion of enlightenment {unknown}
 G - 2 potions of degeneration {unknown}
Miscellaneous
 r - a lightning rod (4/4)


   Skills:
 + Level 9.9 Fighting
 + Level 7.3 Short Blades
 + Level 7.3 Long Blades
 + Level 9.9 Axes
 + Level 7.3 Maces & Flails
 + Level 7.3 Polearms
 + Level 7.3 Staves
 + Level 7.3 Ranged Weapons
 + Level 7.3 Throwing
 + Level 8.7 Armour
 + Level 8.7 Dodging
 + Level 7.3 Stealth
 + Level 7.3 Shields
 + Level 7.3 Unarmed Combat
 + Level 7.3 Spellcasting
 + Level 6.1 Conjurations
 + Level 6.1 Hexes
 + Level 6.1 Summonings
 + Level 6.1 Necromancy
 + Level 6.1 Translocations
 + Level 6.1 Transmutations
 + Level 6.1 Fire Magic
 + Level 6.1 Ice Magic
 + Level 6.1 Air Magic
 + Level 6.1 Earth Magic
 + Level 6.1 Poison Magic
 + Level 8.0 Invocations
 + Level 7.3 Evocations
 + Level 6.1 Shapeshifting


You had 25 spell levels left.
You didn't know any spells.
Your spell library was empty.

Dungeon Overview and Level Annotations

Branches:
Dungeon (11/15)            Temple (0/1) D:4            Lair (1/5) D:11
    Orc (0/2) D:11        Volcano (1/1)

Altars:
Cheibriados
Dithmenos
Elyvilon
Fedhas
Gozag
Ru
Sif Muna
Trog
Uskayaw
Vehumet
Wu Jian
Xom
Yredelemnul
The Shining One

Shops:
D:10 *   D:11 [=


Innate Abilities, Weirdness & Mutations

You have very sharp teeth.
Your uncanny sense of smell can sniff out nearby items.
Your experience applies equally to all skills.


Message History

Aiming: Iceblast
Press: ? - help, Shift-Dir - straight line The mass of ice explodes!
The iceblast engulfs the deep elf pyromancer!
The deep elf pyromancer is severely wounded.
The fire elemental hits you. The fire elemental burns you! You resist.
* * * LOW HITPOINT WARNING * * *
A deep elf archer comes into view.
It is wielding a +2 hand crossbow of flaming.
The fire elemental hits you. The fire elemental burns you! You resist.
* * * LOW HITPOINT WARNING * * *
Aiming: Iceblast
Press: ? - help, Shift-Dir - straight line The mass of ice explodes!
The iceblast engulfs the deep elf pyromancer!
The deep elf pyromancer is almost dead.
The fire elemental hits you. The fire elemental burns you! You resist.
* * * LOW HITPOINT WARNING * * *
The fire elemental hits you. The fire elemental burns you! You resist.
* * * LOW HITPOINT WARNING * * *
The deep elf pyromancer mumbles some strange words.
The deep elf pyromancer blinks!
The deep elf pyromancer mumbles some strange words.
Unknown command.
Unknown command.
Aiming: Iceblast
Press: ? - help, Shift-Dir - straight line, f - deep elf archer
Aim: a deep elf archer, wielding a +2 hand crossbow of flaming and wearing a +0 robe (repelling missiles)
The mass of ice explodes!
The iceblast engulfs the fire elemental!!!
The fire elemental is frozen!
You destroy the fire elemental!
The fire elemental disappears in a puff of smoke!
The fire elemental hits you. The fire elemental burns you! You resist.
* * * LOW HITPOINT WARNING * * *
The deep elf pyromancer gestures wildly while chanting.
The deep elf pyromancer blinks!
The deep elf archer shoots a bolt.
The bolt hits you!
* * * LOW HITPOINT WARNING * * *
The bolt burns you.
You die...

# ##########
#≈#......e..'∆∆∆∆∆∆∆∆
#§#.@§§°○... ∆∆∆∆∆∆∆∆
#≈##E################
#§§#E......#...'....#
#§§##§§)..##...#.≈.##
##≈≈#.E§..'....#)))#≈
#≈§##§§§##...###'##≈
##§≈#...#....#.)[#≈≈
#≈§##'####'##..##≈≈
##≈ #......#...#§≈#


You could see a deep elf archer (repels missiles) and 3 fire elementals.

Vanquished Creatures
  A boulder beetle (D:11)
  4 two-headed ogres
  5 deep elf pyromancers (Volcano)
  A cyclops (D:11)
  2 kobold demonologists
  A rime drake (Lair:1)
  A hornet (D:10)
  Grinder (D:4)
  Sigmund (D:2)
  6 yaks (Lair:1)
  2 wyverns
  8 fire elementals (Volcano)
  2 steam dragons
  Menkaure (D:4)
  An acid dragon (D:9)
  A water moccasin (Lair:1)
  4 hell hounds (Volcano)
  An orc warrior (D:8)
  3 ice beasts (D:6)
  A black bear (D:4)
  4 ogres
  5 centaurs
  2 phantoms (D:4)
  Blork the orc (D:5)
  19 kobold brigands
  5 scorpions
  6 bullfrogs
  5 wights (D:9)
  9 killer bees
  4 howler monkeys
  4 hounds
  3 jellies
  12 orc priests
  Jessica (D:2)
  Ijyb (D:5)
  6 iguanas
  4 sleepcaps
  13 orc wizards
  9 adders
  A shadow imp (D:6)
  4 ufetubi
  2 worms
  3 dart slugs
  40 orcs
  7 bats
  5 endoplasms
  2 giant cockroaches
  7 goblins
  6 hobgoblins
  A jackal (D:5)
  4 quokkas
  2 ball pythons (D:1)
  5 frilled lizards
  28 kobolds
  6 rats
283 creatures vanquished.

Vanquished Creatures (collateral kills)
  A deep elf pyromancer (Volcano)
1 creature vanquished.

Vanquished Creatures (others)
  A bullfrog (Lair:1)
1 creature vanquished.

Grand Total: 285 creatures vanquished

Notes
Turn   | Place    | Note
-------+----------+-------------------------------------------
     0 | D:1      | jejorda2 the Gnoll Berserker began the quest for the Orb.
     0 | D:1      | Reached XP level 1. HP: 23/23 MP: 1/1
   182 | D:1      | Reached XP level 2. HP: 29/29 MP: 2/2
   463 | D:2      | Reached XP level 3. HP: 32/35 MP: 3/3
   500 | D:2      | Noticed Sigmund
   520 | D:2      | Killed Sigmund
   521 | D:2      | Reached skill level 1 in Short Blades
   521 | D:2      | Reached skill level 1 in Long Blades
   521 | D:2      | Reached skill level 1 in Maces & Flails
   521 | D:2      | Reached skill level 1 in Polearms
   521 | D:2      | Reached skill level 1 in Staves
   521 | D:2      | Reached skill level 1 in Ranged Weapons
   521 | D:2      | Reached skill level 1 in Throwing
   521 | D:2      | Reached skill level 1 in Stealth
   521 | D:2      | Reached skill level 1 in Shields
   521 | D:2      | Reached skill level 1 in Unarmed Combat
   521 | D:2      | Reached skill level 1 in Spellcasting
   521 | D:2      | Reached skill level 1 in Conjurations
   521 | D:2      | Reached skill level 1 in Hexes
   521 | D:2      | Reached skill level 1 in Summonings
   521 | D:2      | Reached skill level 1 in Necromancy
   521 | D:2      | Reached skill level 1 in Translocations
   521 | D:2      | Reached skill level 1 in Transmutations
   521 | D:2      | Reached skill level 1 in Fire Magic
   521 | D:2      | Reached skill level 1 in Ice Magic
   521 | D:2      | Reached skill level 1 in Air Magic
   521 | D:2      | Reached skill level 1 in Earth Magic
   521 | D:2      | Reached skill level 1 in Poison Magic
   521 | D:2      | Reached skill level 1 in Invocations
   521 | D:2      | Reached skill level 1 in Evocations
   521 | D:2      | Reached skill level 1 in Shapeshifting
   521 | D:2      | Reached XP level 4. HP: 41/41 MP: 4/6
   521 | D:2      | Reached XP level 5. HP: 47/47 MP: 4/7
   727 | D:2      | Noticed Jessica
   746 | D:2      | Killed Jessica
   746 | D:2      | Reached ** piety under Trog
   747 | D:2      | Reached XP level 6. HP: 49/53 MP: 8/8
  1001 | D:3      | Found an ornate altar of the Wu Jian Council.
  1001 | D:3      | Found a blossoming altar of Fedhas.
  1003 | D:3      | Found a radiant altar of Vehumet.
  1004 | D:3      | Found an opulent altar of Gozag.
  1006 | D:3      | Found a hide-covered altar of Uskayaw.
  1087 | D:3      | Reached skill level 5 in Armour
  1087 | D:3      | Reached skill level 5 in Dodging
  1511 | D:4      | Reached XP level 7. HP: 42/59 MP: 10/10
  1611 | D:4      | Noticed Grinder
  1621 | D:4      | Killed Grinder
  1711 | D:4      | Noticed Menkaure
  1719 | D:4      | Killed Menkaure
  1720 | D:4      | Reached XP level 8. HP: 54/67 MP: 12/12
  1875 | D:4      | Found a staircase to the Ecumenical Temple.
  2066 | D:4      | Reached *** piety under Trog
  2411 | D:4      | Found a shimmering altar of Xom.
  2413 | D:4      | Found an ornate altar of the Wu Jian Council.
  2413 | D:4      | Found a shimmering blue altar of Sif Muna.
  2415 | D:4      | Found a basalt altar of Yredelemnul.
  2415 | D:4      | Found a snail-covered altar of Cheibriados.
  2415 | D:4      | Found a radiant altar of Vehumet.
  2454 | D:5      | Entered Level 5 of the Dungeon
  2457 | D:5      | Noticed Ijyb
  2470 | D:5      | Killed Ijyb
  2930 | D:5      | Noticed Blork the orc
  2945 | D:5      | Killed Blork the orc
  3436 | D:5      | Reached XP level 9. HP: 73/73 MP: 14/14
  3445 | D:5      | Found a glowing golden altar of the Shining One.
  3586 | D:5      | Found a sacrificial altar of Ru.
  4340 | D:6      | Reached skill level 5 in Invocations
  4475 | D:6      | Reached **** piety under Trog
  4640 | D:7      | Found a shadowy altar of Dithmenos.
  5004 | D:7      | Found a white marble altar of Elyvilon.
  5410 | D:8      | Reached XP level 10. HP: 80/80 MP: 17/17
  5620 | D:8      | Reached skill level 5 in Short Blades
  5620 | D:8      | Reached skill level 5 in Long Blades
  5620 | D:8      | Reached skill level 5 in Maces & Flails
  5620 | D:8      | Reached skill level 5 in Polearms
  5620 | D:8      | Reached skill level 5 in Staves
  5620 | D:8      | Reached skill level 5 in Ranged Weapons
  5620 | D:8      | Reached skill level 5 in Throwing
  5620 | D:8      | Reached skill level 5 in Stealth
  5620 | D:8      | Reached skill level 5 in Shields
  5620 | D:8      | Reached skill level 5 in Unarmed Combat
  5620 | D:8      | Reached skill level 5 in Spellcasting
  5620 | D:8      | Reached skill level 5 in Evocations
  6770 | D:9      | Noticed a two-headed ogre
  6777 | D:9      | Killed a two-headed ogre
  6882 | D:9      | Noticed a kobold demonologist
  6891 | D:9      | Noticed an orange demon
  6893 | D:9      | Noticed an orange demon
  6895 | D:9      | Killed a kobold demonologist
  7157 | D:9      | Found a bloodstained altar of Trog.
  7639 | D:10     | Entered Level 10 of the Dungeon
  7685 | D:10     | Noticed a two-headed ogre
  7697 | D:10     | Killed a two-headed ogre
  7718 | D:10     | Reached XP level 11. HP: 72/87 MP: 19/19
  7738 | D:10     | Paralysed by a hornet for 3 turns
  7745 | D:10     | Paralysed by a hornet for 1 turns
  7747 | D:10     | Paralysed by a hornet for 1 turns
  8031 | D:10     | Noticed a two-headed ogre
  8039 | D:10     | Killed a two-headed ogre
  8040 | D:10     | Reached skill level 5 in Conjurations
  8040 | D:10     | Reached skill level 5 in Hexes
  8040 | D:10     | Reached skill level 5 in Summonings
  8040 | D:10     | Reached skill level 5 in Necromancy
  8040 | D:10     | Reached skill level 5 in Translocations
  8040 | D:10     | Reached skill level 5 in Transmutations
  8040 | D:10     | Reached skill level 5 in Fire Magic
  8040 | D:10     | Reached skill level 5 in Ice Magic
  8040 | D:10     | Reached skill level 5 in Air Magic
  8040 | D:10     | Reached skill level 5 in Earth Magic
  8040 | D:10     | Reached skill level 5 in Poison Magic
  8040 | D:10     | Reached skill level 5 in Shapeshifting
  8458 | D:10     | Found Ryshrov's Overcharged Wands.
  8700 | D:11     | Noticed a boulder beetle
  8710 | D:11     | Killed a boulder beetle
  8736 | D:11     | Found a staircase to the Orcish Mines.
  8766 | D:11     | Noticed a cyclops
  8794 | D:11     | Killed a cyclops
  8931 | D:11     | Found a staircase to the Lair.
  9031 | D:11     | Noticed a two-headed ogre
  9038 | D:11     | Killed a two-headed ogre
  9248 | D:11     | Found Fusuol's Jewellery Shoppe.
  9254 | D:11     | Found Hiolynon's Antique Armour Shoppe.
  9263 | D:11     | Bought a runed cloak for 232 gold pieces
  9263 | D:11     | Bought a pair of embroidered boots for 232 gold pieces
  9411 | Lair:1   | Entered Level 1 of the Lair of Beasts
  9524 | Lair:1   | Found a dark tunnel.
  9533 | Volcano  | Entered a volcano
  9771 | Volcano  | Noticed a deep elf pyromancer
  9791 | Volcano  | Noticed a deep elf pyromancer
  9796 | Volcano  | Noticed a deep elf pyromancer
  9800 | Volcano  | Killed a deep elf pyromancer
  9800 | Volcano  | Killed a deep elf pyromancer
  9801 | Volcano  | Reached XP level 12. HP: 50/97 MP: 22/22
 10131 | Volcano  | HP: 1/97 [deep elf archer/bolt (13)]
 10131 | Volcano  | Shot with a bolt by a deep elf archer

Illustrated notes

Levels and vault maps discovered:
D:1:      dpeg_arrival_shelter, layout_rooms
D:2:      layout_rooms, uniq_sigmund, uniq_jessica
D:3:      layout_rooms, grunt_temple_overflow_open, minmay_misc_feat_ornament
D:4:      layout_basic, doesnt_xom_only_xom, minmay_temple_entry_mini_moons,
          uniq_grinder, uniq_menkaure
D:5:      layout_basic, nicolae_ru_path_of_blood, minmay_ruined_shrine,
          uniq_blork_the_orc, uniq_ijyb
D:6:      layout_cave_pools, nrook_uturn
D:7:      layout_rooms, mainiacjoe_overflow_boulevard,
          mainiacjoe_overflow_six_doors_small, minmay_misc_feat_more_columns
D:8:      layout_gridville
D:9:      layout_loops_ring, trog_book, grunt_ministairs_3
D:10:     layout_roguey [special_room_kobold], nicolae_shop_overcharged_wands
D:11:     layout_roguey, lair_entry_dummy, orc_0_dummy, serial_shops,
          nicolae_shop_crystal, nicolae_shop_tiny_statue_garden
Lair:1:   beast_lair_carwin_large_3, layout_hall_layers,
          nicolae_volcano_entry_lava_flow, lemuel_fruit_tree
Volcano:  hellmonk_pyromancer_palace

Skill      XL: |  1  2  3  4  5  6  7  8  9 10 11 12 |
---------------+-------------------------------------+-----
Short Blades   | 1 2 3 4 5 7 |  7.3
Long Blades    | 1 2 3 4 5 7 |  7.3
Maces & Flails | 1 2 3 4 5 7 |  7.3
Polearms       | 1 2 3 4 5 7 |  7.3
Staves         | 1 2 3 4 5 7 |  7.3
Ranged Weapons | 1 2 3 4 5 7 |  7.3
Throwing       | 1 2 3 4 5 7 |  7.3
Stealth        | 1 2 3 4 5 7 |  7.3
Shields        | 1 2 3 4 5 7 |  7.3
Unarmed Combat | 1 2 3 4 5 7 |  7.3
Spellcasting   | 1 2 3 4 5 7 |  7.3
Conjurations   | 1 2 3 4 5 6 |  6.1
Hexes          | 1 2 3 4 5 6 |  6.1
Summonings     | 1 2 3 4 5 6 |  6.1
Necromancy     | 1 2 3 4 5 6 |  6.1
Translocations | 1 2 3 4 5 6 |  6.1
Transmutations | 1 2 3 4 5 6 |  6.1
Fire Magic     | 1 2 3 4 5 6 |  6.1
Ice Magic      | 1 2 3 4 5 6 |  6.1
Air Magic      | 1 2 3 4 5 6 |  6.1
Earth Magic    | 1 2 3 4 5 6 |  6.1
Poison Magic   | 1 2 3 4 5 6 |  6.1
Invocations    | 1 2 3 4 5 6 7 8 |  8.0
Evocations     | 1 2 3 4 5 7 |  7.3
Shapeshifting  | 1 2 3 4 5 6 |  6.1
Armour         | 5 6 7 8 |  8.7
Dodging        | 5 6 7 8 |  8.7
Fighting       | 7 8 9 |  9.9
Axes           | 7 8 9 |  9.9

Action                     |  1- 3 |  4- 6 |  7- 9 | 10-12 || total
---------------------------+-------+-------+-------+-------++-------
  Melee: Hand axe          |    58 |   136 |   200 |       ||   394
         Bite              |     5 |     9 |    39 |    48 ||   101
         Punch             |     1 |     1 |    12 |     9 ||    23
         War axe           |       |       |   202 |   203 ||   405
         Morningstar       |       |       |       |    82 ||    82
         Dire flail        |       |       |       |   193 ||   193
  Throw: Dart              |       |       |       |     8 ||     8
 Invoke: Berserk           |     1 |     1 |    10 |    17 ||    29
         Trog's Hand       |       |       |     4 |     6 ||    10
         Brothers in Arms  |       |       |       |     1 ||     1
  Evoke: Wand              |       |       |       |     4 ||     4
    Use: Scroll            |       |       |    16 |     5 ||    21
         Potion            |       |       |       |     5 ||     5
   Stab: Distracted        |       |       |       |     1 ||     1
 Armour: Animal skin       |     6 |       |       |       ||     6
         Chain mail        |     3 |    66 |   307 |   315 ||   691
  Dodge: Dodged            |    35 |    64 |   240 |   268 ||   607

Table legend: (Time is in decaauts)
 A = Elapsed time spent in this place.
 B = Non-inter-level travel time spent in this place.
 C = Inter-level travel time spent in this place.
 D = Time resting spent in this place.
 E = Time spent auto-exploring this place.
 F = Levels seen in this place.
 G = Mean time per level.
                   A        B        C        D        E       F      G
               +--------+--------+--------+--------+--------+-----+--------+
         Total |  10386 |  10067 |    319 |   2147 |   5735 |  13 |  798.9 |
       Dungeon |   9654 |   9335 |    319 |   1695 |   5735 |  11 |  877.6 |
          Lair |    126 |    126 |      0 |      0 |      0 |   1 |  126.0 |
       Volcano |    605 |    605 |      0 |    452 |      0 |   1 |  605.0 |
               +--------+--------+--------+--------+--------+-----+--------+

Top non-repeatable levels by time:
     D:9: 1409 daAuts
     D:5: 1275 daAuts
     D:8: 1001 daAuts
     D:4: 969 daAuts
     D:6: 943 daAuts
    D:10: 910 daAuts
    D:11: 907 daAuts
     D:7: 730 daAuts
     D:3: 631 daAuts
 Volcano: 605 daAuts
     D:1: 444 daAuts
     D:2: 432 daAuts
  Lair:1: 126 daAuts
